 Dungeon Crawl Stone Soup version 0.14-a0-1719-ga7e7698 (webtiles) character file.

188 Kae the Insei (level 4, 0/35 HPs)
             Began as a Draconian Transmuter on Jan 2, 2014.
             Slain by a worm (7 damage)
             ... on Level 3 of the Dungeon.
             The game lasted 00:02:39 (1802 turns).

Kae the Insei (Draconian Transmuter)                Turns: 1802, Time: 00:02:39

HP   0/35        AC  5     Str 12      XL: 4   Next: 34%
MP   7/7         EV 12     Int 13      God:
Gold 97          SH  0     Dex 13      Spells:  3 memorised,  1 level left

rFire  + . .     SeeInvis .       - Unarmed
rCold  x . .     Clarity  .     (armour unavailable)
rNeg   . . .     Conserve .     (no shield)
rPois  .         rCorr    .     (helmet restricted)
rElec  .         rRot     .     (no cloak)
SustAb . .       Spirit   .     (no gloves)
rMut   .         Warding  .     (no boots)
Saprov . . .     Stasis   .     (no amulet)
                                k - ring of flight
                                j - ring of fire

@: slightly resistant to hostile enchantments, unstealthy
A: unfitting armour, AC +5
a: Evoke Flight


You were on level 3 of the Dungeon.
You were hungry.

You visited 1 branch of the dungeon, and saw 3 of its levels.

You collected 97 gold pieces.

Inventory:

Missiles
 b - 12 arrows
 h - 4 darts (quivered)
Magical devices
 n - a wand of fireball (4) {unknown}
Comestibles
 a - 2 bread rations
 c - a chunk of rat flesh
 g - 2 meat rations
 i - a pear
 s - a snozzcumber
 u - an apple
Scrolls
 m - a scroll of remove curse {unknown}
 p - a scroll of enchant weapon I {unknown}
 q - a scroll of blinking {unknown}
 r - a scroll of identify
 v - a scroll of teleportation
Jewellery
 j - a ring of fire (left hand)
 k - a ring of flight (right hand)
Potions
 e - a potion of might
 f - 3 potions of heal wounds {unknown}
 l - 2 potions of brilliance {unknown}
 o - a potion of curing {unknown}
 t - a potion of flight {unknown}
Books
 d - a book of Changes

   Spells                             Type                      Level
   *Beastly Appendage                 Transmutation                1
   *Sticks to Snakes                  Transmutation                2
   *Spider Form                       Transmutation/Poison         3
   Ice Form                           Ice/Transmutation            4
   Blade Hands                        Transmutation                5


   Skills:
 - Level 1.1 Fighting
 - Level 1.7 Dodging
 * Level 4.6 Unarmed Combat
 - Level 2.0 Spellcasting
 + Level 3.0 Transmutations


You had one spell level left.
You knew the following spells:

 Your Spells              Type           Power        Failure   Level  Hunger
a - Beastly Appendage     Trmt           #.....       10%         1    ##.....
b - Sticks to Snakes      Trmt           #.........   12%         2    ###....
c - Spider Form           Trmt/Pois      #.........   38%         3    ####...


Dungeon Overview and Level Annotations

Branches:
Dungeon (3/16)

Altars:


Message History

The bat hits you but does no damage. The bat closely misses you.
You closely miss the bat.
The bat is heavily wounded.
You are feeling hungry.
The bat misses you. The bat hits you but does no damage.
You miss the bat.
The bat is heavily wounded.
The bat hits you but does no damage.
You miss the bat.
The bat is heavily wounded.
The bat hits you but does no damage. The worm bites you!
* * * LOW HITPOINT WARNING * * *
You closely miss the bat.
The bat is heavily wounded.
The bat barely misses you. The bat completely misses you.
You closely miss the bat.
The bat is heavily wounded.
The bat hits you but does no damage. The worm bites you!
You die...

,* ,,,,,* #.......,*≈*
,*,****** #........ ≈*
,*,* #.?......#≈* , ,*
#........#≈* ,*,*
#........#≈*
,*,**#########........#≈*
,,,,............%.......#
...#*####.....##w#####.#*
...# #.....##@# *,* ...#
#.....##.# *,* ...#
##.....##.# *,* ...#
#......##b# *,* ..(#
#......##.# *,* ...#
#.###.###.# *,*
...#####.###.# #.# *,*
........%....# #.# *,*
...#####.##### #.# *,*


You could see a worm and a bat.

Vanquished Creatures
  4 adders (D:2)
  4 giant geckos
  An ooze (D:1)
  A ball python (D:1)
  6 bats
  6 goblins
  6 hobgoblins
  6 jackals
  2 kobolds (D:1)
  3 giant newts
  10 rats
49 creatures vanquished.

Notes
Turn   | Place    | Note
--------------------------------------------------------------
     0 | D:1      | Kae, the Draconian Transmuter, began the quest for the Orb.
     0 | D:1      | Reached XP level 1. HP: 16/16 MP: 3/3
   184 | D:1      | Reached XP level 2. HP: 20/23 MP: 4/4
   946 | D:2      | Reached XP level 3. HP: 18/28 MP: 4/6
  1182 | D:2      | Reached skill level 4 in Unarmed Combat
  1371 | D:2      | Reached XP level 4. HP: 33/35 MP: 7/7
  1380 | D:2      | Learned a level 2 spell: Sticks to Snakes
  1384 | D:2      | Learned a level 3 spell: Spider Form
  1802 | D:3      | Slain by a worm

Action                   |  1- 3 |  4- 6 || total
-------------------------+-------+-------++-------
Melee: Unarmed           |   145 |    58 ||   203
 Cast: Beastly Appendage |    14 |     3 ||    17
  Use: Scroll            |     3 |     1 ||     4
 Stab: Sleeping          |     1 |       ||     1
